 Dungeon Crawl Stone Soup version 0.29.1-2-gbd0b4ee654 (webtiles) character file.

Game seed: 10634769051570967418

873 H0rd4k the Insei (level 8, -2/54 HPs)
             Began as an Octopode Artificer on Nov 18, 2022.
             Was an Initiate of Gozag.
             Slain by a gnoll bouda
             ... wielding a +0 whip
              (10 damage)
             ... on level 6 of the Dungeon.
             The game lasted 00:06:07 (7197 turns).

H0rd4k the Insei (Octopode Artificer)               Turns: 7197, Time: 00:06:08

Health: -2/54      AC:  1    Str: 11    XL:     8   Next: 4%
Magic:  13/13      EV: 13    Int: 15    God:    Gozag
Gold:   315        SH:  0    Dex: 13    Spells: 14/14 levels left

rFire   . . .      SeeInvis .     - Unarmed
rCold   . . .      Faith    .   (no shield)
rNeg    . . .      Spirit   .   (helmet restricted)
rPois   .          Reflect  .   (no amulet)
rElec   .          Harm     .   (no ring)
rCorr   .          Rampage  .   (no ring)
Will    .....                   (no ring)
Stlth   +++.......              (no ring)
HPRegen 0.18/turn               (no ring)
MPRegen 0.13/turn               (no ring)
                                (no ring)
                                (no ring)

@: weakened
A: almost no armour, amphibious, 8 rings, camouflage 1, gelatinous body 1,
(nimble swimmer 1), tentacles
a: Renounce Religion, Potion Petition, Call Merchant, Bribe Branch


You were on level 6 of the Dungeon.
You worshipped Gozag.
Gozag was aware of your devotion.
You visited 2 branches of the dungeon, and saw 7 of its levels.

You collected 394 gold pieces.
You paid 79 gold pieces to Gozag.

Inventory:

Armour
 d - an orb of guile
Wands
 b - a wand of flame (11) (quivered)
 c - a wand of charming (1)
Scrolls
 e - 2 scrolls of torment {unknown}
 f - 9 scrolls of identify {unknown}
 h - 2 scrolls of silence {unknown}
 k - 4 scrolls of butterflies {unknown}
 o - a scroll of noise {unknown}
 q - 2 scrolls of teleportation {unknown}
 s - a scroll of magic mapping {unknown}
 t - a scroll of vulnerability {unknown}
 w - a scroll of amnesia {unknown}
 x - a scroll of fear {unknown}
Potions
 a - a potion of ambrosia {unknown}
 g - 2 potions of haste {unknown}
 i - a potion of curing
 j - a potion of experience {unknown}
 l - a potion of magic {unknown}
 m - a potion of heal wounds {unknown}
 n - a potion of resistance {unknown}
 p - a potion of mutation {unknown}
 r - a potion of invisibility {unknown}
 u - 2 potions of berserk rage {unknown}
 v - 2 potions of might {unknown}
 z - a potion of flight {unknown}


   Skills:
 * Level 4.2 Fighting
 - Level 2.3 Dodging
 - Level 1.3 Stealth
 + Level 6.3 Unarmed Combat
 * Level 3.5 Spellcasting
 - Level 3.2 Evocations


You had 14 spell levels left.
You didn't know any spells.
Your spell library contained the following spells:

 Spells                   Type           Power      Damage    Failure   Level
 Magic Dart               Conj           8%         1d3       19%         1
 Call Imp                 Summ           2%         N/A       28%         2
 Mephitic Cloud           Conj/Pois/Air  2%         N/A       50%         3


Dungeon Overview and Level Annotations

Branches:
Dungeon (6/15)             Temple (1/1) D:4

Altars:
Ashenzari
Cheibriados
Dithmenos
Elyvilon
Fedhas
Gozag
Kikubaaqudgha
Makhleb
Nemelex Xobeh
Okawaru
Qazlal
Ru
Sif Muna
Trog
Uskayaw
Vehumet
Wu Jian
Xom
Yredelemnul
Zin

Annotations:
D:4 exclusion: downstairs
D:6 1 runed translucent door, exclusion: door, Crazy Yiuf


Innate Abilities, Weirdness & Mutations

You cannot wear most types of armour.
You are amphibious.
You can wear up to eight rings at the same time.
Your skin changes colour to match your surroundings (Stealth+).
Your rubbery body absorbs attacks. (AC +1, EV +1)
((You are camouflaged when in or above water. (Stealth+)))
You have tentacles for arms and can constrict up to eight enemies at once.


Message History

You feel sick.
You feel sick.
You feel sick.
You are no longer poisoned.
Key pressed, stopping explore.
A gnoll bouda comes into view. It is wielding a +0 whip.
A gnoll bouda is nearby!
A gnoll bouda is nearby!
A gnoll bouda is nearby!
The gnoll bouda shouts!
You hear a shout!
You see here a +1 war axe of venom.
The gnoll bouda hits you with a +0 whip!
Aiming: Charm
Press: ? - help, Shift-Dir - straight line, f - gnoll bouda
Aim: a gnoll bouda, wielding a +0 whip and wearing a +0 robe (chance to affect: 57%)
The gnoll bouda resists with significant effort.
The gnoll bouda hits you with a +0 whip.
Unknown command.
What are your orders? t - Shout!
Orders for allies: a - Attack new target. p - Attack previous target. r - Retreat! s - Stop attacking. g - Guard the area. f - Follow me.
Anything else - Cancel.
Okay, then.
Aiming: Charm
Press: ? - help, Shift-Dir - straight line, f/p - gnoll bouda
Aim: a gnoll bouda, wielding a +0 whip and wearing a +0 robe (chance to affect: 57%)
The gnoll bouda resists with significant effort.
The gnoll bouda gazes fiercely through you!
You feel your attacks grow feeble.
The gnoll bouda hits you with a +0 whip!
* * * LOW HITPOINT WARNING * * *
Aiming: Charm
Press: ? - help, Shift-Dir - straight line, f/p - gnoll bouda
Aim: a gnoll bouda, wielding a +0 whip and wearing a +0 robe (chance to affect: 57%)
The gnoll bouda resists with significant effort.
The gnoll bouda hits you with a +0 whip!
You die...
Your body crumbles into a pile of gold.

#..# #.# #..#
#.## #..#
#.$#
#..######..##
#...........#
#[.......$..#
..######....#
.### ##$..# $
#. #@..# #
####g####
#...)...#
#.##.#### #
#.# #.# #.#
### $


You could see a gnoll bouda.

Vanquished Creatures
  A water moccasin (D:5)
  A black bear (D:5)
  An ogre (D:5)
  A phantom (D:4)
  A necrophage (D:5)
  3 jellies
  4 hounds
  An iguana (D:5)
  2 orc wizards
  2 gnolls (D:3)
  6 adders
  A shadow imp (D:5)
  3 ufetubi
  2 dart slugs (D:1)
  11 orcs
  6 bats
  7 endoplasms
  3 giant cockroaches
  7 goblins
  5 hobgoblins
  A kobold (D:3)
  4 quokkas
  9 ball pythons
  4 frilled lizards
  5 rats
91 creatures vanquished.

Vanquished Creatures (collateral kills)
  An iguana (D:5)
  An orc wizard (D:4)
  A worm (D:4)
  2 orcs (D:4)
5 creatures vanquished.

Vanquished Creatures (others)
  An ogre (D:4)
  A gnoll (D:3)
  A kobold (D:4)
  A goblin (D:4)
  8 toadstools (D:6)
12 creatures vanquished.

Grand Total: 108 creatures vanquished

Notes
Turn   | Place    | Note
-------+----------+-------------------------------------------
     0 | D:1      | H0rd4k the Octopode Artificer began the quest for the Orb.
     0 | D:1      | Reached XP level 1. HP: 13/13 MP: 1/1
   674 | D:1      | Found a faded altar of an unknown god.
   691 | D:1      | Reached XP level 2. HP: 5/18 MP: 1/3
   962 | D:1      | Reached skill level 1 in Spellcasting
  1358 | D:2      | Reached XP level 3. HP: 22/24 MP: 4/4
  1540 | D:2      | Reached skill level 1 in Unarmed Combat
  2670 | D:3      | Reached XP level 4. HP: 11/30 MP: 6/6
  2873 | D:3      | You fall into a shaft and drop 2 floors!
  2873 | D:5      | Entered Level 5 of the Dungeon
  2963 | D:5      | Reached skill level 2 in Unarmed Combat
  3234 | D:4      | Noticed an ogre
  3338 | D:4      | Reached XP level 5. HP: 28/35 MP: 6/8
  3619 | D:4      | Found a staircase to the Ecumenical Temple.
  3890 | D:3      | Reached skill level 3 in Unarmed Combat
  4486 | D:4      | Noticed a phantom
  4493 | D:4      | Killed a phantom
  4494 | D:4      | Reached skill level 4 in Unarmed Combat
  4494 | D:4      | Reached XP level 6. HP: 42/42 MP: 9/9
  4994 | Temple   | Entered the Ecumenical Temple
  5221 | Temple   | Became a worshipper of Gozag Ym Sagoz the Greedy
  6047 | D:5      | Found a snail-covered altar of Cheibriados.
  6078 | D:5      | Reached XP level 7. HP: 46/46 MP: 11/11
  6114 | D:5      | Found a shimmering altar of Xom.
  6120 | D:5      | Reached skill level 5 in Unarmed Combat
  6816 | D:5      | Reached skill level 6 in Unarmed Combat
  6816 | D:5      | Reached XP level 8. HP: 54/54 MP: 13/13
  6931 | D:6      | Found a runed translucent door.
  6932 | D:6      | Noticed Crazy Yiuf
  7197 | D:6      | Slain by a gnoll bouda

Illustrated notes

Levels and vault maps discovered:
D:1:      dpeg_arrival_signposts, layout_basic,
          hellmonk_ecumenical_altar_inner_sanctum
D:2:      layout_loops_ring, minmay_misc_feat_five,
          chequers_serial_rivers_room_a
D:3:      layout_loops_cross
D:4:      kennysheep_big_flooded_room, layout_loops_ring,
          lemuel_temple_firewalk_b, grunt_ministairs_7
D:5:      layout_basic, xom_teletrap_fun, chei_slow_surprise
D:6:      cheibrodos_fertilizer, layout_loops_ring, minitemple, serial_shops,
          nicolae_shop_trees, uniq_crazy_yiuf_cottage
Temple:   mainiacjoe_temple_bowtie_tessellation

Skill      XL: |  1  2  3  4  5  6  7 |
---------------+----------------------+-----
Spellcasting   | 1 2 3 |  3.5
Fighting       | 2 3 4 |  4.2
Unarmed Combat | 1 2 4 6 |  6.3
Dodging        | |  2.3
Stealth        | |  1.3
Evocations     | |  3.2

Action                   |  1- 3 |  4- 6 |  7- 9 || total
-------------------------+-------+-------+-------++-------
Melee: Unarmed           |   116 |    83 |    28 ||   227
       Constrict         |    34 |    21 |     5 ||    60
       Tentacles         |    33 |    23 |     6 ||    62
       Club              |     2 |       |       ||     2
       Punch             |     3 |     3 |     3 ||     9
Evoke: Wand              |       |    13 |    19 ||    32
  Use: Potion            |       |       |     1 ||     1
 Stab: Sleeping          |    10 |     8 |     2 ||    20
       Distracted        |     2 |       |       ||     2
Armor: Skin              |    10 |     5 |     3 ||    18
Dodge: Dodged            |    81 |    63 |    10 ||   154
